 Dungeon Crawl Stone Soup version 0.30-a0-737-gf23d94013f (webtiles) character file.

Game seed: 16321724670039034501

777 gelatine the Firebug (level 7, -5/50 HPs)
             Began as a Demonspawn Fire Elementalist on Feb 2, 2023.
             Was an Initiate of Jiyva.
             Slain by a ynoxinul (10 damage)
             ... created by the fury of Makhleb
             ... in the Ecumenical Temple.
             The game lasted 00:11:59 (4164 turns).

gelatine the Firebug (Demonspawn Fire Elementalist) Turns: 4164, Time: 00:11:59

Health: -5/50      AC:  4    Str:  9    XL:     7   Next: 54%
Magic:  10/21      EV: 12    Int: 18    God:    Jiyva [......]
Gold:   166        SH: 10    Dex: 13    Spells: 10/13 levels left

rFire   . . .      SeeInvis .    s - +2 hand axe (venom)
rCold   . . .      Faith    .    (no shield)
rNeg    . . .      Spirit   .    a - +0 robe
rPois   .          Reflect  .    (no helmet)
rElec   .          Harm     .    w - +0 cloak
rCorr   .          Rampage  .    u - +0 pair of gloves
Will    +....                    (no boots)
Stlth   ++                       (no amulet)
HPRegen 0.28/turn                o - ring of magical power
MPRegen 0.17/turn                e - ring of willpower

@: about to teleport, very slightly contaminated
A: hooves 1, large bone plates 2, condensation shield
a: Renounce Religion


You were in the Ecumenical Temple.
You worshipped Jiyva.
Jiyva was noncommittal.
You visited 2 branches of the dungeon, and saw 5 of its levels.
You also visited: Sewer.

You collected 226 gold pieces.
You spent 60 gold pieces at shops.

Inventory:

Hand Weapons
 j - a +0 short sword of venom
 s - a +2 hand axe of venom (weapon)
Armour
 a - a +0 robe (worn)
 p - a +0 kite shield
 u - a +0 pair of gloves (worn)
 w - a +0 cloak (worn)
 D - a scarf of shadows
Magical Staves
 l - a staff of cold
Jewellery
 e - a ring of willpower (right hand)
 o - a ring of magical power (left hand)
 q - a ring of resist corrosion
Wands
 x - a wand of quicksilver (13)
Scrolls
 d - 3 scrolls of torment
 g - 3 scrolls of teleportation
 i - a scroll of vulnerability
 n - 2 scrolls of enchant weapon
 r - a scroll of fog
 y - a scroll of noise {unknown}
Potions
 b - 3 potions of magic
 c - a potion of mutation
 h - 2 potions of flight {unknown}
 k - 3 potions of curing {unknown}
 t - 2 potions of attraction {unknown}
 v - a potion of lignification {unknown}
 z - a potion of invisibility {unknown}
 A - a potion of resistance {unknown}
 B - a potion of brilliance {unknown}
 C - a potion of cancellation {unknown}
 E - a potion of ambrosia {unknown}


   Skills:
 * Level 2.2 Fighting
 + Level 0.6 Axes
 * Level 3.0 Dodging
 + Level 2.6 Stealth
 * Level 1.7 Shields
 + Level 3.8 Spellcasting
 * Level 2.9 Conjurations
 * Level 4.3 Fire Magic
 + Level 2.0 Invocations
 * Level 2.1 Evocations


You had 10 spell levels left.
You knew the following spells:

 Your Spells              Type           Power      Damage    Failure   Level
a - Foxfire               Conj/Fire      64%        2x1d7     3%          1
b - Scorch                Fire           38%        2d7       3%          2

Your spell library contained the following spells:

 Spells                   Type           Power      Damage    Failure   Level
 Inner Flame              Hex/Fire       11%        N/A       19%         3
 Kindle Blastsparks       Fire/Tloc/Air  16%        2d11      24%         3
 Flame Wave               Conj/Fire      16%        2d7       32%         4
 Fulminant Prism          Conj/Hex       4%         3d5       63%         4
 Iskenderun's Mystic Bla  Conj/Tloc      8%         2d4       63%         4
 Lee's Rapid Deconstruct  Erth           1%         3d4*      99%         5


Dungeon Overview and Level Annotations

Branches:
Dungeon (4/15)             Temple (1/1) D:4           Sewer (visited)

Altars:
Cheibriados
Gozag
Hepliaklqana
Makhleb
Nemelex Xobeh
Okawaru
Ru
Sif Muna
Vehumet
Wu Jian
Xom

Shops:
D:2 =:*

Annotations:
D:4 3 runed translucent doors, retardedninja's ghost, amateur GrFi


Innate Abilities, Weirdness & Mutations

You have large cloven feet.
You are mostly covered in large bone plates. (SH +6)
A meltable shield of frost defends you. (SH +4)


Message History

The ynoxinul is moderately wounded.
The ynoxinul's fire resistance burns away.
The hellwing hits you!
The hellwing hits you but does no damage.
The ynoxinul closely misses you.
Casting: Scorch (safe; 3% risk of failure)
Confirm with . or Enter, or press ? or * to list all spells.
Flames lash the hellwing.
The hellwing is burned terribly!
The hellwing is moderately wounded.
The hellwing barely misses you.
The hellwing hits you but does no damage.
You block the ynoxinul's attack.
The hellwing is engulfed in a cloud of scalding steam.
The ynoxinul is engulfed in a cloud of scalding steam.
Casting: Scorch (safe; 3% risk of failure)
Confirm with . or Enter, or press ? or * to list all spells.
You miscast Scorch.
Nothing appears to happen.
You block the hellwing's attack. The hellwing barely misses you.
The ynoxinul is engulfed in a cloud of scalding steam.
The ynoxinul gestures at you. The iron shot hits you!!
Ouch! That really hurt!
* * * LOW HITPOINT WARNING * * *
You feel much better.
The ynoxinul is no longer more vulnerable to fire.
The hellwing hits you!
* * * LOW HITPOINT WARNING * * *
The hellwing hits you but does no damage.
The ynoxinul is engulfed in a cloud of scalding steam.
The ynoxinul barely misses you.
As you read the scroll of summoning, it crumbles to dust.
Wisps of shadow whirl around you...
The shadows disperse without effect.
You block the hellwing's attack. The hellwing misses you.
The ynoxinul hits you.
* * * LOW HITPOINT WARNING * * *
Okay, then.
As you read the scroll of teleportation, it crumbles to dust.
You feel strangely unstable. The hellwing completely misses you.
The hellwing closely misses you. The ynoxinul hits you!
You die...

_..#..#._♣♣♣≈≈♣.........
..........♣♣~≈≈~........
.......##.#♣♣~≈~....._.♣
............♣~≈≈~.......
..♣..........♣~≈≈..~...#
..............♣~≈..≈~...
......♣.........~..≈≈~..
...........♣...34..~≈≈~.
.♣..........♣...@..♣~≈≈~
♣♣♣.......♣♣♣♣.....♣ ≈ ♣
♣♣♣.._...♣ ♣♣♣...♣ ♣
♣#....♣♣ ♣♣..♣♣ ♣.#..♣♣
♣♣..♣ ♣♣♣♣♣♣ ♣..♣♣♣♣ ♣
♣♣....♣♣ ♣♣ ♣♣......♣ .♣
♣...<...♣


You could see a hellwing (combustible) and a ynoxinul.

Vanquished Creatures
  Grinder (D:4)
  A ynoxinul (Temple)
  A black bear (D:4)
  A scorpion (D:4)
  An elf skeleton (D:4)
  A hound (D:4)
  3 jellies (Sewer)
  A human skeleton (D:4)
  Ijyb (D:4)
  3 river rats
  9 adders
  3 worms
  2 dart slugs
  An orc (D:4)
  9 ball pythons
  A bat (D:2)
  8 endoplasms
  7 giant cockroaches
  A goblin (D:1)
  4 hobgoblins
  2 jackals (D:3)
  2 quokkas
  8 frilled lizards
  7 kobolds
  An orc skeleton (D:4)
  3 orc zombies (D:4)
  11 rats
93 creatures vanquished.

Vanquished Creatures (others)
  An iguana (D:4)
  A hobgoblin (D:4)
  240 foxfires
242 creatures vanquished.

Grand Total: 335 creatures vanquished

Notes
Turn   | Place    | Note
-------+----------+-------------------------------------------
     0 | D:1      | gelatine the Demonspawn Fire Elementalist began the quest
                  | for the Orb.
     0 | D:1      | Reached XP level 1. HP: 13/13 MP: 3/3
   782 | D:2      | Gained mutation: You are partially covered in large bone
                  | plates. (SH +4) [demonic ancestry]
   782 | D:2      | Reached XP level 2. HP: 19/19 MP: 1/5
   872 | D:2      | Reached skill level 3 in Fire Magic
   939 | D:2      | Found Myxzugij's General Store.
   942 | D:2      | Bought a potion of heal wounds for 60 gold pieces
  1322 | D:2      | Found Nadghesixt's Jewellery Shop.
  1427 | D:2      | Found Aguene Ahawk's Vocational Training.
  1432 | D:2      | Gained mutation: A meltable shield of frost defends you.
                  | (SH +4) [demonic ancestry]
  1432 | D:2      | Reached XP level 3. HP: 24/24 MP: 6/6
  1569 | D:2      | Learned a level 2 spell: Scorch
  1608 | D:3      | Found a snail-covered altar of Cheibriados.
  1630 | D:3      | Found a burning altar of Makhleb.
  1715 | D:3      | Became a worshipper of Makhleb the Destroyer
  2788 | D:4      | Gained mutation: You are mostly covered in large bone
                  | plates. (SH +6) [demonic ancestry]
  2788 | D:4      | Reached XP level 4. HP: 31/31 MP: 8/8
  2790 | D:4      | Noticed a black bear
  2797 | D:4      | Killed a black bear
  2797 | D:4      | Noticed a scorpion
  2798 | D:4      | Reached skill level 1 in Fighting
  2798 | D:4      | Reached skill level 1 in Invocations
  2798 | D:4      | Gained mutation: You have large cloven feet. [demonic
                  | ancestry]
  2798 | D:4      | Reached XP level 5. HP: 37/37 MP: 7/9
  2803 | D:4      | Reached skill level 1 in Shields
  2803 | D:4      | Reached skill level 1 in Evocations
  2987 | D:4      | Noticed Ijyb
  2992 | D:4      | Killed Ijyb
  3144 | D:4      | Found a runed translucent gate.
  3144 | D:4      | Found a runed translucent gate.
  3144 | D:4      | Found a runed translucent gate.
  3145 | D:4      | Noticed retardedninja's ghost (amateur GrFi)
  3157 | D:4      | Found a glowing drain.
  3163 | D:4      | Reached XP level 6. HP: 43/43 MP: 10/10
  3175 | Sewer    | Entered a sewer
  3208 | Sewer    | Reached * piety under Makhleb
  3492 | Sewer    | Found a viscous altar of Jiyva.
  3642 | Sewer    | Fell from the grace of Makhleb
  3642 | Sewer    | Became a worshipper of Jiyva Joecs the Shapeless
  3694 | D:4      | Noticed Grinder
  3704 | D:4      | Reached skill level 4 in Fire Magic
  3707 | D:4      | Killed Grinder
  3708 | D:4      | Reached XP level 7. HP: 17/50 MP: 5/12
  3774 | D:4      | HP: 1/50 [elf skeleton (6)]
  3951 | D:4      | Found a staircase to the Ecumenical Temple.
  3957 | Temple   | Entered the Ecumenical Temple
  4087 | Temple   | Noticed a ynoxinul
  4093 | Temple   | Killed a ynoxinul
  4155 | Temple   | Noticed a ynoxinul
  4155 | Temple   | Noticed a hellwing
  4164 | Temple   | Slain by a ynoxinul

Illustrated notes

Levels and vault maps discovered:
D:1:      ebering_trefoil_twist, layout_loops_ring
D:2:      layout_basic, serial_shops, shop_statue,
          nicolae_shop_competitors_out_of_business, nicolae_shop_vocational
D:3:      layout_basic, mainiacjoe_overflow_concentric_impassable,
          kennysheep_slug_shrine
D:4:      layout_cave_pools, minmay_temple_entry_wispy,
          nicolae_ossuary_entry_catacombs, portal_sewer_entry_b,
          gammafunk_ghost_necromancy, uniq_ijyb, uniq_grinder
Temple:   oiseaux_autumnal_temple

Skill      XL: |  1  2  3  4  5  6  7 |
---------------+----------------------+-----
Fire Magic     | 3 4 |  4.3
Dodging        | 2 3 |  3.0
Stealth        | 2 |  2.6
Fighting       | 1 2 |  2.2
Invocations    | 1 2 |  2.0
Shields        | 1 |  1.7
Spellcasting   | 3 |  3.8
Evocations     | 1 2 |  2.1
Conjurations   | 2 |  2.9
Axes           | |  0.6

Action                     |  1- 3 |  4- 6 |  7- 9 || total
---------------------------+-------+-------+-------++-------
  Melee: Short sword       |     2 |       |       ||     2
         Hand axe          |     6 |    30 |    31 ||    67
         Kick              |       |     9 |    16 ||    25
         Punch             |       |       |     1 ||     1
   Cast: Foxfire           |    65 |    78 |     1 ||   144
         Scorch            |     4 |    13 |    11 ||    28
    Use: Scroll            |     2 |     5 |     2 ||     9
         Potion            |       |       |     2 ||     2
   Stab: Sleeping          |     3 |     1 |       ||     4
 Armour: Robe              |     2 |     9 |     6 ||    17
  Dodge: Dodged            |     5 |    17 |    27 ||    49
  Block: Other             |     3 |    16 |    15 ||    34

Table legend: (Time is in decaauts)
 A = Elapsed time spent in this place.
 B = Non-inter-level travel time spent in this place.
 C = Inter-level travel time spent in this place.
 D = Time resting spent in this place.
 E = Time spent auto-exploring this place.
 F = Levels seen in this place.
 G = Mean time per level.
                   A        B        C        D        E       F      G
               +--------+--------+--------+--------+--------+-----+--------+
         Total |   4214 |   4095 |    119 |      0 |   3233 |   6 |  702.3 |
       Dungeon |   3490 |   3371 |    119 |      0 |   2749 |   4 |  872.5 |
        Temple |    209 |    209 |      0 |      0 |    181 |   1 |  209.0 |
         Sewer |    514 |    514 |      0 |      0 |    303 |   1 |  514.0 |
               +--------+--------+--------+--------+--------+-----+--------+

Top non-repeatable levels by time:
     D:3: 1214 daAuts
     D:2: 795 daAuts
     D:1: 772 daAuts
     D:4: 707 daAuts
   Sewer: 514 daAuts
  Temple: 209 daAuts
